 Dungeon Crawl Stone Soup version 0.26-a0-712-ga5a9c9c9d0 (webtiles) character file.

Game seed: 13528232282595884378

93 Arcades the Chopper (level 4, -4/41 HPs)
             Began as a Minotaur Berserker on Nov 9, 2020.
             Was a Believer of Trog.
             Slain by an orc warrior
             ... wielding a +0 flail
              (9 damage)
             ... on level 3 of the Dungeon.
             The game lasted 00:05:08 (1904 turns).

Arcades the Chopper (Minotaur Berserker)            Turns: 1904, Time: 00:05:09

Health: -4/41      AC:  6    Str: 22    XL:     4   Next: 36%
Magic:  3/3        EV: 11    Int:  4    God:    Trog [**....]
Gold:   74         SH:  0    Dex: 10    Spells: 3/3 levels left

rFire    . . .     SeeInvis .   a - +0 hand axe
rCold    . . .     Faith    .   (no shield)
rNeg     . . .     Spirit   .   e - +0 ring mail
rPois    .         Reflect  .   (helmet restricted)
rElec    .         Harm     .   (no cloak)
rCorr    .         Rampage  .   (no gloves)
MR       .....                  c - +0 pair of boots
Stlth    ..........             (no amulet)
HPRegen  0.13/turn              (no ring)
MPRegen  0.08/turn              (no ring)

@: berserk cooldown, slowed, very slow
A: retaliatory headbutt, horns 2
a: Berserk, Trog's Hand, Renounce Religion


You were on level 3 of the Dungeon.
You worshipped Trog.
Trog was pleased with you.
You visited 1 branch of the dungeon, and saw 3 of its levels.

You collected 74 gold pieces.

Inventory:

Hand Weapons
 a - a +0 hand axe (weapon)
Missiles
 f - 17 poisoned darts (quivered)
Armour
 c - a +0 pair of boots (worn)
 e - a +0 ring mail (worn)
Scrolls
 b - 2 scrolls of remove curse {unknown}
 d - 3 scrolls of teleportation {unknown}
 h - a scroll of fear {unknown}
 j - 3 scrolls of identify {unknown}
 m - a scroll of blinking {unknown}
 n - a scroll of fog {unknown}
 o - a scroll of immolation {unknown}
 p - a scroll of random uselessness {unknown}
Potions
 g - a potion of invisibility {unknown}
 i - a potion of heal wounds {unknown}
 k - a potion of curing {unknown}
 l - 2 potions of might {unknown}


   Skills:
 + Level 4.4 Fighting
 * Level 4.9 Axes
 + Level 3.2 Armour
 + Level 2.8 Dodging


You had 3 spell levels left.
You didn't know any spells.
Your spell library was empty.

Dungeon Overview and Level Annotations

Branches:
Dungeon (3/15)

Altars:
Gozag
Okawaru


Innate Abilities, Weirdness & Mutations

You reflexively headbutt those who attack you in melee.
You have a pair of horns on your head.


Message History

You barely miss the hobgoblin. You hit the orc warrior.
The orc warrior hits you but does no damage.
The hobgoblin hits you but does no damage.
You closely miss the hobgoblin. You hit the orc warrior.
The hobgoblin barely misses you.
The orc warrior hits you with a +0 flail!
The hobgoblin misses you.
You hit the hobgoblin. You headbutt the hobgoblin.
You kill the hobgoblin!
Trog accepts your kill.
You hit the orc warrior. The orc warrior closely misses you.
The orc warrior hits you with a +0 flail!
* * * LOW HITPOINT WARNING * * *
The orc warrior closely misses you.
Things that are here:
a +0 club; a hobgoblin corpse The orc warrior misses you.
The orc warrior barely misses you.
The orc warrior hits you with a +0 flail!
You die...

.......#
#......#
#......#
#......#
####......###+#
#..............
#..............
#.....@........
#####.o))####+#
#..).(..#
#.......#
#.......#
#....$..#
#.......#
#......(#
###.#####


You could see an orc warrior.

Vanquished Creatures
  An orc priest (D:3)
  An adder (D:2)
  A worm (D:2)
  3 dart slugs
  2 orcs (D:3)
  3 giant cockroaches
  6 goblins
  7 hobgoblins
  2 jackals (D:2)
  A ball python (D:2)
  6 bats
  A frilled lizard (D:3)
  4 kobolds
  7 rats
45 creatures vanquished.

Notes
Turn   | Place    | Note
-------+----------+-------------------------------------------
     0 | D:1      | Arcades the Minotaur Berserker began the quest for the Orb.
     0 | D:1      | Reached XP level 1. HP: 19/19 MP: 0/0
   172 | D:1      | Reached XP level 2. HP: 27/27 MP: 1/1
  1082 | D:2      | Found an iron altar of Okawaru.
  1117 | D:2      | Reached XP level 3. HP: 33/33 MP: 2/2
  1853 | D:3      | Found an opulent altar of Gozag.
  1888 | D:3      | Noticed an orc warrior
  1895 | D:3      | Reached ** piety under Trog
  1896 | D:3      | Reached XP level 4. HP: 41/41 MP: 3/3
  1904 | D:3      | Slain by an orc warrior

Illustrated notes

Levels and vault maps discovered:
D:1:      onia_arrival_mini_maze_b, layout_basic
D:2:      layout_basic, minivault_27, okawaru_ov_weapons_minmay
D:3:      layout_basic, lemuel_coloured_pillars_altar, minitemple,
          minmay_hedge_maze

Skill      XL: |  1  2  3 |
---------------+----------+-----
Fighting       | 4 |  4.4
Axes           | 4 |  4.9
Armour         | 3 |  3.2
Dodging        | |  2.8

Action                   |  1- 3 |  4- 6 || total
-------------------------+-------+-------++-------
Melee: Hand axe          |    63 |     4 ||    67
       Headbutt          |    15 |     1 ||    16
Throw: Dart              |    28 |       ||    28
Invok: Berserk           |     1 |       ||     1
Armor: Animal skin       |     5 |       ||     5
       Ring mail         |    12 |     2 ||    14
Dodge: Dodged            |    37 |     6 ||    43

Table legend: (Time is in decaauts)
 A = Elapsed time spent in this place.
 B = Non-inter-level travel time spent in this place.
 C = Inter-level travel time spent in this place.
 D = Time resting spent in this place.
 E = Time spent auto-exploring this place.
 F = Levels seen in this place.
 G = Mean time per level.
                   A        B        C        D        E       F      G
               +--------+--------+--------+--------+--------+-----+--------+
         Total |   1909 |   1797 |    112 |    100 |   1429 |   3 |  636.3 |
       Dungeon |   1909 |   1797 |    112 |    100 |   1429 |   3 |  636.3 |
               +--------+--------+--------+--------+--------+-----+--------+

Top non-repeatable levels by time:
     D:1: 965 daAuts
     D:2: 892 daAuts
     D:3: 51 daAuts
